cohdb
Replays
Latest Replays
All Replays
Popular Replays
Top Player Replays
Match Explorer
How It Works
Community
CoH3 Stats
Reddit
Sign in to upload your games and track your stats! →
Sign in with Steam
Match 42981768
Unlisted
Match 42981768
Overview
Messages
Build Orders
End
Kradschützen Motorcycle Team
250 Light Carrier
Panzergrenadier Squad
Construct Light Support Kompanie
Panzerjäger Squad
Panzerpioneer Squad
Fire Support Elements
MG34 Team
Construct Mechanized Kompanie
le.IG 18 Mechanized Group
2.5-tonne Medical Truck
StuG III D Assault Gun
Rapid Advance
Selects Armored Support Battlegroup
Selects Superior Fire Drills
Selects Salvage Kits
Selects Panzer Storm
Vehicle Survival Package
Emergency Repair Kits
2.5-tonne Medical Truck
StuG III D Assault Gun
Construct Panzerarmee Kommand
Panzer III L Medium Tank
Tungsten Core Ammunition
Panzer III L Medium Tank
Advanced Optics
Selects Stuka Anti-tank Loiter
Stuka Anti-tank Loiter
Pak 38 Mechanized Group
Rattler
ZIN
nightshade rose
filiphrovat57
Reztes
Perfect Owl eats mice
admiral_gnar
VonPharaoh
0
0
Comments
sign in to comment!
No comments posted yet!